 Dungeon Crawl Stone Soup version 0.17.0-1-g61d176b (webtiles) character file.

3795 George the Carver (level 9, -2/78 HPs)
             Began as a Minotaur Fighter on Nov 7, 2015.
             Was a Believer of Okawaru.
             Killed by the air
             ... invoked by Gastronok
              (21 damage)
             ... on level 8 of the Dungeon.
             The game lasted 00:13:54 (6827 turns).

George the Carver (Minotaur Fighter)                Turns: 6827, Time: 00:13:54

Health: -2/78      AC: 20    Str: 26    XL:     9   Next: 96%
Magic:  11/12      EV: 11    Int:  5    God:    Okawaru [**....]
Gold:   201        SH: 13    Dex: 14    Spells: 0 memorised, 8 levels left

rFire  . . .     SeeInvis .     a - +0 long sword
rCold  . . .     Clarity  .     P - +2 chain mail {MR+}
rNeg   . . .     SustAt   .     c - +0 shield
rPois  .         Gourm    +     J - +1 hat
rElec  .         Spirit   .     T - +1 cloak
rCorr  .         Warding  .     O - +1 pair of gloves {Str+3}
rMut   .         Stasis   .     (no boots)
MR     +....                    W - amulet of the gourmand
Stlth  ..........               (no ring)
                                D - +3 ring of dexterity

@: heroism, somewhat resistant to hostile enchantments, extremely unstealthy
A: retaliatory headbutt, horns 2, high mp 1
a: Heroism, Renounce Religion


You were on level 8 of the Dungeon.
You worshipped Okawaru.
Okawaru was pleased with you.
You were very hungry.

You visited 2 branches of the dungeon, and saw 9 of its levels.

You collected 471 gold pieces.
You spent 270 gold pieces at shops.

Inventory:

Hand Weapons
 a - a +0 long sword (weapon)
 u - a +1 short sword of holy wrath
Armour
 c - a +0 shield (worn)
 J - a +1 hat (worn)
 O - a +1 pair of gloves of strength (worn)
 P - a +2 chain mail of magic resistance (worn)
 T - a +1 cloak (worn)
Jewellery
 D - a +3 ring of dexterity (left hand)
 W - an amulet of the gourmand (around neck)
Wands
 v - a wand of fire (7)
 y - a wand of flame (17)
 G - a wand of paralysis (17)
 H - a wand of enslavement (9)
 K - a wand of confusion (13)
 N - a wand of paralysis (8)
 X - a wand of enslavement (11)
Scrolls
 s - 2 scrolls of fear
 C - 2 scrolls of teleportation
 U - a scroll of blinking
Potions
 d - a potion of might
 l - a potion of flight
 m - 4 potions of curing
 r - a potion of agility
 A - 2 potions of cure mutation
 S - a potion of berserk rage
Comestibles
 e - 4 bread rations
 h - 4 beef jerkies
 j - a slice of pizza
 x - 4 fruits
 B - 2 meat rations


   Skills:
 + Level 6.8(11.8) Fighting
 + Level 12.5(17.5) Long Blades
 + Level 6.7(11.7) Armour
 + Level 6.7(11.7) Shields
 + Level 4.7 Invocations


You had 8 spell levels left.
You didn't know any spells.

Dungeon Overview and Level Annotations

Branches:
Dungeon (8/15)             Temple (1/1) D:4
   Lair: D:8-11

Altars:
Ashenzari
Dithmenos
Elyvilon
Fedhas
Gozag
Kikubaaqudgha
Makhleb
Nemelex Xobeh
Okawaru
Qazlal
Ru
Sif Muna
Trog
Vehumet
Xom
Yredelemnul
Zin
The Shining One

Shops:
D:7 [

Annotations:
D:8 Gastronok


Innate Abilities, Weirdness & Mutations

You reflexively headbutt those who attack you in melee.
You have a pair of horns on your head.
You have an increased reservoir of magic (+10% MP).


Message History

Gastronok sloshes about.
You slice the hungry ghost!! Your headbutt misses the hungry ghost.
The hungry ghost is severely damaged.
You block the hungry ghost's attack.
Your chain mail prevents you from hitting the hungry ghost.
The hungry ghost is severely damaged.
Gastronok waves his eye-stalks in wide circles.
The air twists around and strikes you!
* * * LOW HITPOINT WARNING * * *
You hit the hungry ghost.
The hungry ghost is severely damaged.
The hungry ghost barely misses you. You furiously retaliate!
You headbutt the hungry ghost. You barely miss the hungry ghost.
Your headbutt misses the hungry ghost.
The hungry ghost is almost destroyed.
The hungry ghost hits you.
You are feeling very hungry.
Gastronok waves his eye-stalks in wide circles.
The air twists around and strikes you!
You die...

#)# #.##... #.#
##.######
#.###...######## ###
#..............) ...
#####...######.# #.#
##.## #.# #.# #.# #.#
#.# #.#
#####.###.##.#
#.###......@W....#
#.....###.###w.......
####### #.# #######.#
#.# #.# #.. ###


You could see Gastronok and a hungry ghost.

Vanquished Creatures
  Pikel (D:4)
  Joseph (D:8)
  A wyvern (D:7)
  6 yaks (D:7)
  Eustachio (D:4)
  An ice beast (D:5)
  2 orc warriors
  A phantom (D:5)
  A centaur (D:7)
  2 ogres
  A big kobold (D:7)
  A giant frog (D:6)
  A scorpion (D:6)
  A wyvern skeleton (D:7)
  A water moccasin skeleton (D:7)
  2 jellies
  A centaur zombie (D:5)
  A crimson imp (D:6)
  3 iguanas
  A giant frog skeleton (D:6)
  3 orc priests
  3 orc wizards
  A centaur skeleton (D:5)
  Ijyb (D:3)
  A hound (D:4)
  Terence (D:3)
  7 worker ants
  A killer bee zombie (D:5)
  A hound zombie (D:6)
  A hound skeleton (D:4)
  A worker ant zombie (D:5)
  7 gnolls
  5 adders
  2 shadow imps
  2 oozes
  3 worms
  6 giant geckos
  19 orcs
  A ball python (D:2)
  7 giant cockroaches
  7 goblins
  5 hobgoblins
  9 jackals
  6 quokkas
  11 bats
  9 giant newts
  2 jackal skeletons
  5 kobolds
  A quokka skeleton (D:4)
  3 rats
161 creatures vanquished.

Vanquished Creatures (others)
  A hound (D:4)
  A centaur skeleton (D:4)
  An adder (D:4)
  2 orcs (D:4)
  A butterfly (D:4)
6 creatures vanquished.

Grand Total: 167 creatures vanquished

Notes
Turn   | Place    | Note
--------------------------------------------------------------
     0 | D:1      | George the Minotaur Fighter began the quest for the Orb.
     0 | D:1      | Reached XP level 1. HP: 19/19 MP: 0/0
   288 | D:1      | Reached XP level 2. HP: 15/26 MP: 1/1
   630 | D:1      | Reached skill level 4 in Long Blades
   715 | D:1      | You fall through a shaft!
   918 | D:2      | Reached XP level 3. HP: 29/31 MP: 2/2
  1357 | D:2      | Reached skill level 5 in Long Blades
  1541 | D:3      | Reached XP level 4. HP: 21/39 MP: 3/3
  1815 | D:3      | Found a faded altar to an unknown god.
  1862 | D:3      | Noticed Terence
  1875 | D:3      | Killed Terence
  1875 | D:3      | Reached skill level 6 in Long Blades
  2081 | D:3      | Reached XP level 5. HP: 41/45 MP: 4/4
  2100 | D:3      | Noticed Ijyb
  2110 | D:3      | Killed Ijyb
  2155 | D:3      | Noticed an ogre
  2157 | D:3      | Killed an ogre
  2157 | D:3      | Reached skill level 7 in Long Blades
  2408 | D:3      | Found an ancient bone altar of Kikubaaqudgha.
  2410 | D:3      | Found an iron altar of Okawaru.
  2441 | D:4      | Reached XP level 6. HP: 51/51 MP: 5/5
  2498 | D:4      | Reached skill level 8 in Long Blades
  2964 | D:4      | Noticed Eustachio
  2965 | D:4      | Noticed Pikel
  2972 | D:4      | Killed Eustachio
  2972 | D:4      | Reached skill level 9 in Long Blades
  2972 | D:4      | Reached XP level 7. HP: 45/57 MP: 6/6
  2980 | D:4      | Noticed a slave
  2982 | D:4      | Noticed a slave
  2983 | D:4      | Noticed a slave
  2987 | D:4      | Noticed a slave
  2992 | D:4      | Killed Pikel
  2992 | D:4      | Reached skill level 11 in Long Blades
  2992 | D:4      | Reached XP level 8. HP: 16/64 MP: 7/7
  3055 | D:4      | Found a staircase to the Ecumenical Temple.
  3251 | D:4      | Found a glowing golden altar of the Shining One.
  3270 | D:3      | Found a radiant altar of Vehumet.
  3270 | D:3      | Found a shadowy altar of Dithmenos.
  3283 | D:3      | Became a worshipper of Warmaster Okawaru
  3491 | Temple   | Entered the Ecumenical Temple
  3717 | D:5      | Entered Level 5 of the Dungeon
  3795 | D:5      | Found a burning altar of Makhleb.
  3806 | D:5      | Reached skill level 1 in Invocations
  4138 | D:5      | Gained mutation: You have an increased reservoir of magic (+10% MP). [potion of beneficial mutation]
  5013 | D:6      | Reached * piety under Okawaru
  5056 | D:6      | Found an ancient bone altar of Kikubaaqudgha.
  5299 | D:7      | Reached skill level 5 in Fighting
  5299 | D:7      | Reached skill level 5 in Shields
  5447 | D:7      | Found a bloodstained altar of Trog.
  5498 | D:7      | Found Byschoik's Antique Armour Emporium.
  5503 | D:7      | Bought a pair of runed gloves for 135 gold pieces
  5514 | D:7      | Bought a glowing chain mail for 135 gold pieces
  5599 | D:7      | Reached skill level 5 in Armour
  5599 | D:7      | Reached XP level 9. HP: 27/74 MP: 8/11
  5856 | D:7      | Reached skill level 12 in Long Blades
  5869 | D:7      | Reached ** piety under Okawaru
  6736 | D:8      | Noticed Joseph
  6760 | D:8      | Killed Joseph
  6813 | D:8      | Noticed Gastronok
  6827 | D:8      | Killed from afar by Gastronok

Action                   |  1- 3 |  4- 6 |  7- 9 || total
-------------------------+-------+-------+-------++-------
Melee: Long sword        |   111 |   126 |   305 ||   542
Invok: Heroism           |       |       |     3 ||     3
  Use: Scroll            |     6 |     4 |     7 ||    17
       Potion            |       |       |     1 ||     1
  Eat: Chunk             |     2 |     5 |    12 ||    19
